 Dungeon Crawl Stone Soup version 0.31-a0-198-g2ad674f65e (webtiles) character file.

Game seed: 16061942807278239998

14069 Gorgondantess the Frost Mage (level 11, -4/89 HPs)
             Began as a Demigod Ice Elementalist on June 25, 2023.
             Killed from afar by a deep elf zephyrmancer (37 damage)
             ... with a bolt of lightning
             ... on level 1 of the Orcish Mines.
             The game lasted 00:33:18 (13315 turns).

Gorgondantess the Frost Mage (DgIE)                Turns: 13315, Time: 00:33:19

Health: -4/89      AC: 18    Str: 13    XL:     11   Next: 54%
Magic:  9/22       EV: 13    Int: 31    God:
Gold:   829        SH:  0    Dex: 14    Spells: 4/20 levels left

rFire   . . .        a - +1 trident (venom)
rCold   . . .        (no shield)
rNeg    . . .        N - +0 troll leather armour
rPois   .            w - +0 helmet
rElec   .            W - +0 cloak {Will+}
rCorr   .            (no gloves)
SInv    .            Q - +2 pair of boots {Fly}
Will    ++...        (no amulet)
Stlth   +++          g - +6 ring of intelligence
HPRegen 1.14/turn    x - +4 ring of slaying
MPRegen 0.18/turn

%: no passive effects
@: ice-armoured, freezing walls, flying
A: high MP 1, forlorn, divine attributes
a: no special abilities


You were on level 1 of the Orcish Mines.
You visited 2 branches of the dungeon, and saw 13 of its levels.
You also visited: Ossuary.

You collected 829 gold pieces.

Inventory:

Hand Weapons
 a - a +1 trident of venom (weapon)
 b - a +3 trident
 H - a +2 dagger of freezing
 V - a +2 quarterstaff of chaos
Missiles
 i - a throwing net
 o - 4 silver boomerangs
 I - 6 curare-tipped darts
 O - 5 poisoned darts
Armour
 k - a +1 pair of boots of stealth
 w - a +0 helmet (worn)
 N - a +0 troll leather armour (worn)
 Q - a +2 pair of boots of flying (worn)
 W - a +0 cloak of willpower (worn)
 Y - +0 steam dragon scales
Magical Staves
 e - a staff of fire
Jewellery
 g - a +6 ring of intelligence (left hand)
 x - a +4 ring of slaying (right hand)
 z - the ring "Jiwkoteu" {Fire rCorr Str+5 Int-3}
   (You found it on level 4 of the Dungeon)

   [ring of fire]

   It enhances your fire magic.
   Str:       It affects your strength (+5).
   Int:       It affects your intelligence (-3).
   rF:        It protects you from fire.
   rC:        It makes you vulnerable to cold.
   rCorr:     It protects you from acid and corrosion.
 L - a ring of wizardry
 R - a ring of magical power
 U - a ring of protection from fire
Wands
 r - a wand of flame (42)
 u - a wand of polymorph (13)
 y - a wand of roots (13)
 T - a wand of charming (7)
Scrolls
 c - a scroll of noise {unknown}
 f - 3 scrolls of enchant armour {unknown}
 h - a scroll of amnesia {unknown}
 j - 12 scrolls of teleportation
 m - 2 scrolls of fog
 q - a scroll of vulnerability {unknown}
 s - a scroll of fear {unknown}
 t - a scroll of blinking
 C - 3 scrolls of immolation {unknown}
 D - 4 scrolls of butterflies
 K - a scroll of poison {unknown}
 M - a scroll of silence {unknown}
 P - 4 scrolls of enchant weapon
 X - 2 scrolls of revelation {unknown}
Potions
 d - 5 potions of haste
 l - 5 potions of mutation
 n - 3 potions of magic
 p - a potion of lignification {unknown}
 v - a potion of attraction {unknown}
 A - 3 potions of heal wounds
 B - 2 potions of might
 E - 5 potions of curing
 F - a potion of cancellation {unknown}
 G - 2 potions of invisibility
 J - a potion of ambrosia {unknown}
 S - a potion of brilliance


   Skills:
 + Level 6.0 Fighting
 - Level 3.0 Polearms
 - Level 3.5 Armour
 + Level 5.3 Dodging
 - Level 5.0 Stealth
 - Level 5.0 Spellcasting
 - Level 5.7 Summonings
 * Level 11.0 Ice Magic
 * Level 4.6 Air Magic
 - Level 4.0 Evocations


You had 4 spell levels left.
You knew the following spells:

 Your Spells              Type           Power      Damage    Failure   Level
a - Freeze                Ice            100%       1d10      1%          1
b - Frozen Ramparts       Ice            100%       1d16      1%          3
c - Ozocubu's Armour      Ice            66%        N/A       1%          3
d - Summon Ice Beast      Ice/Summ       56%        N/A       2%          4
e - Freezing Cloud        Conj/Ice/Air   20%        6-21      22%         5

Your spell library contained the following spells:

 Spells                   Type           Power      Damage    Failure   Level
 Summon Small Mammal      Summ           100%       N/A       1%          1
 Call Canine Familiar     Summ           43%        N/A       1%          3
 Poisonous Vapours        Pois/Air       44%        N/A       3%          2
 Apportation              Tloc           14%        N/A       7%          1
 Foxfire                  Conj/Fire      28%        2x1d5     7%          1
 Necrotise                Necr           28%        1d5       7%          1
 Slow                     Hex            28%        N/A       7%          1
 Mephitic Cloud           Conj/Pois/Air  17%        N/A       11%         3
 Confusing Touch          Hex            7%         N/A       21%         3
 Inner Flame              Hex/Fire       7%         N/A       21%         3
 Portal Projectile        Hex/Tloc       14%        N/A       21%         3
 Vampiric Draining        Necr           7%         2d6       21%         3
 Leda's Liquefaction      Hex/Erth       3%         N/A       54%         4
 Alistair's Intoxication  Tmut/Pois      4%         N/A       88%         5
 Yara's Violent Unravell  Hex/Tmut       3%         3d4       88%         5
 Eringya's Noxious Bog    Tmut/Pois      3%         N/A       100%        6
 Dragon Form              Tmut           3%         N/A       100%        7
 Enfeeble                 Hex            3%         N/A       100%        7


Dungeon Overview and Level Annotations

Branches:
Dungeon (12/15)            Temple (0/1) D:7            Lair (0/5) D:11
    Orc (1/2) D:11        Ossuary (visited)

Annotations:
D:6 exclusion: Maggie
D:9 4 transporters
D:12 Snorg


Innate Abilities, Weirdness & Mutations

You have an increased reservoir of magic. (+10% MP)
You shall have no god before yourself.
Your divine heritage dramatically boosts your attributes as you level up.


Message History

The wall freezes the troll.
You kill the troll!
The troll leather armour is intact enough to wear.
The wall freezes something.
The wall freezes the orc wizard!
The wall freezes the troll.
The troll barely misses you. The troll closely misses you. The troll claws you!
The wall freezes the troll but does no damage.
The troll bites you but does no damage. The troll claws you but does no damage.
The troll misses you.
The wall freezes something!
Reactivating autopickup.
You feel a bit more experienced.
Training target 3.0 for Polearms reached!
Your Fighting skill increases to level 6!
Your Polearms skill increases to level 3!
Your Ice Magic skill increases to level 11!
Unknown command.
Unknown command.
Casting: Ozocubu's Armour (safe; 1% risk of failure)
Confirm with . or Enter, or press ? or * to list all spells.
A chill wind blows around you.
The wall freezes the orc warrior but does no damage.
The orc warrior hits you from afar with a +3 antimagic trident.
The wall freezes the troll!
The troll barely misses you. The troll closely misses you. The troll claws you.
The wall freezes something!
Unknown command.
You puncture the troll!
The troll looks as sick as possible!
The troll is heavily wounded.
The wall freezes something!
You feel a bit more experienced.
The wall freezes the orc warrior.
The orc warrior hits you from afar with a +3 antimagic trident!
You feel your power leaking away.
A deep elf pyromancer comes into view. It is wielding a +0 rapier.
The wall freezes the troll.
The troll bites you but does no damage. The troll misses you.
The troll claws you!
The deep elf zephyrmancer casts a spell at you.
The bolt of lightning hits the orc warrior!!
The orc warrior dies!
The bolt of lightning misses your ice beast.
The bolt of lightning hits you!!!
You die...

### #...##
#..######<...#
#.....##...(#### . ##.
#.......#....# ..# ##..
#......##...> . ...#..##
##...####....
e........###.....###....
e^...##T..#...##..#....#
.....)Y@....#####...####
....oo$.#...$# #...#
......####..## ##.##
.$.$.. #### ### .....
###.# ##


You could see a deep elf pyromancer, a deep elf zephyrmancer, a troll (extremely
poisoned, ally target), an orc wizard, an orc and a friendly ice beast
(summoned).

Vanquished Creatures
  2 two-headed ogres
  Sonja (D:10)
  An ugly thing (D:11)
  A cyclops (Orc:1)
  Maurice (D:8)
  An oklob plant (D:11)
  Maggie (D:6)
  A gargoyle (D:11)
  3 kobold demonologists
  3 trolls
  A hornet (D:10)
  The ghost of rogueadept the Conjurer, an amateur HuCj (D:3)
  12 yaks (D:10)
  2 shadows
  A wraith (D:11)
  A basilisk (D:12)
  Eustachio (D:6)
  2 steam dragons (D:9)
  4 vampire mosquitoes (D:11)
  Menkaure (D:5)
  5 water moccasins
  A sky beast (D:7)
  An ice beast (D:7)
  8 orc warriors
  3 centaurs
  A phantom (D:5)
  2 kobold brigands
  6 bullfrogs
  3 wights (D:7)
  A scorpion (D:5)
  A gnoll sergeant (D:7)
  6 water moccasin zombies (Ossuary)
  14 killer bees
  A howler monkey (D:6)
  5 electric eels
  2 hounds
  2 gnoll boudas (D:7)
  A jelly (D:6)
  9 orc priests
  Crazy Yiuf (D:7)
  2 sleepcaps
  5 iguanas
  14 orc wizards
  3 mummies
  15 gnolls
  9 adders
  A shadow imp (D:6)
  6 adder zombies (Ossuary)
  2 dart slugs (D:3)
  50 orcs
  8 ball pythons
  4 endoplasms
  3 giant cockroaches
  6 gnoll zombies (Ossuary)
  3 goblins
  4 hobgoblins
  4 jackals (D:5)
  11 kobolds
  A quokka (D:5)
  3 bats
  7 frilled lizards
  A hobgoblin zombie (D:4)
  6 kobold zombies (Ossuary)
  3 orc zombies
  5 rats
290 creatures vanquished.

Vanquished Creatures (collateral kills)
  A wight (D:7)
1 creature vanquished.

Vanquished Creatures (others)
  An orc warrior (Orc:1)
1 creature vanquished.

Grand Total: 292 creatures vanquished

Notes
Turn   | Place    | Note
-------+----------+-------------------------------------------
     0 | D:1      | Gorgondantess the Demigod Ice Elementalist began the quest
                  | for the Orb.
     0 | D:1      | Reached XP level 1. HP: 14/14 MP: 5/5
   447 | D:1      | Reached skill level 4 in Ice Magic
   485 | D:1      | Reached XP level 2. HP: 20/20 MP: 5/7
  1349 | D:2      | Reached XP level 3. HP: 26/26 MP: 6/8
  1777 | D:3      | Reached skill level 5 in Ice Magic
  1781 | D:3      | Learned a level 3 spell: Frozen Ramparts
  1841 | D:3      | Reached XP level 4. HP: 33/33 MP: 5/9
  2049 | D:3      | Found a large runed translucent door.
  2049 | D:3      | Found a large runed translucent door.
  2051 | D:3      | Noticed rogueadept's ghost (amateur HuCj)
  2066 | D:3      | Killed rogueadept's ghost
  2067 | D:3      | Reached skill level 6 in Ice Magic
  2067 | D:3      | Reached XP level 5. HP: 33/38 MP: 0/10
  2365 | D:4      | Reached XP level 6. HP: 45/45 MP: 7/11
  2369 | D:4      | Learned a level 3 spell: Ozocubu's Armour
  2386 | D:4      | Noticed a water moccasin
  2410 | D:4      | Killed a water moccasin
  2411 | D:4      | Reached skill level 1 in Fighting
  2411 | D:4      | Reached skill level 7 in Ice Magic
  2459 | D:4      | Identified the ring "Jiwkoteu" {Fire rCorr Str+5 Int-3}
  2487 | D:4      | Reached XP level 7. HP: 50/53 MP: 1/14
  2502 | D:4      | Learned a level 4 spell: Summon Ice Beast
  2521 | D:4      | Found a sand-covered staircase.
  2616 | Ossuary  | Entered an ossuary
  2654 | Ossuary  | Reached skill level 1 in Summonings
  2830 | Ossuary  | Reached skill level 8 in Ice Magic
  3196 | D:4      | Reached XP level 8. HP: 62/62 MP: 11/15
  3588 | D:5      | Entered Level 5 of the Dungeon
  3818 | D:5      | Reached skill level 1 in Armour
  4023 | D:5      | Noticed Menkaure
  4037 | D:5      | Killed Menkaure
  5064 | D:6      | Noticed Maggie
  5081 | D:6      | Noticed Eustachio
  5100 | D:6      | Reached skill level 9 in Ice Magic
  5103 | D:6      | Killed Eustachio
  5104 | D:6      | Reached XP level 9. HP: 51/71 MP: 12/17
  5382 | D:6      | Reached skill level 1 in Evocations
  6086 | D:7      | Found a staircase to the Ecumenical Temple.
  6570 | D:7      | Found a runed translucent door.
  6571 | D:7      | Noticed Crazy Yiuf
  6577 | D:7      | Killed Crazy Yiuf
  7437 | D:8      | Noticed Maurice
  7444 | D:8      | Killed Maurice
  7962 | D:8      | Noticed a two-headed ogre
  7975 | D:8      | Killed a two-headed ogre
  7976 | D:8      | Reached skill level 1 in Polearms
  7976 | D:8      | Reached skill level 5 in Summonings
  7976 | D:8      | Reached XP level 10. HP: 52/80 MP: 5/19
  8945 | D:6      | Killed Maggie
  9177 | D:8      | Learned a level 5 spell: Freezing Cloud
  9264 | D:9      | Reached skill level 1 in Air Magic
  9267 | D:9      | Reached skill level 5 in Fighting
  9267 | D:9      | Reached skill level 10 in Ice Magic
  9509 | D:9      | Found a transporter.
  9514 | D:9      | Found a transporter.
  9679 | D:9      | Found a transporter.
  9684 | D:9      | Found a transporter.
 10035 | D:10     | Entered Level 10 of the Dungeon
 10079 | D:10     | Paralysed by a hornet for 1 turns
 10248 | D:10     | Noticed Sonja
 10251 | D:10     | Killed Sonja
 10802 | D:10     | Got Sif Muna's Elucidation of Transmuted Anthracomancy
 11139 | D:11     | Noticed a two-headed ogre
 11147 | D:11     | Killed a two-headed ogre
 11148 | D:11     | Reached XP level 11. HP: 65/88 MP: 15/21
 12088 | D:11     | Found a staircase to the Lair.
 12124 | D:11     | Reached skill level 5 in Dodging
 12124 | D:11     | Reached skill level 5 in Spellcasting
 12321 | D:11     | Found a staircase to the Orcish Mines.
 12843 | D:12     | Reached skill level 5 in Stealth
 13027 | D:12     | Noticed Snorg
 13218 | Orc:1    | Entered Level 1 of the Orcish Mines
 13312 | Orc:1    | Noticed a deep elf zephyrmancer
 13314 | Orc:1    | Reached skill level 11 in Ice Magic
 13315 | Orc:1    | Noticed a deep elf pyromancer
 13315 | Orc:1    | Killed from afar by a deep elf zephyrmancer

Illustrated notes

Levels and vault maps discovered:
D:1:      lemuel_arrival_behind_the_door_small, layout_basic,
          minmay_misc_feat_alley, minmay_tromino_i4
D:2:      layout_rooms, shapermc_ecumenical_altar_hornbeckon
D:3:      layout_rooms, ebering_ghost_disaster_area
D:4:      layout_cave_pools, nicolae_ossuary_entry_giza, grunt_decor_resistance
D:5:      layout_loops_ring, chequers_serial_rivers_micro_c,
          minmay_gold_behind_fungi, nicolae_elevator_lobby_plus, uniq_menkaure
D:6:      layout_basic, kennysheep_mini_moat, uniq_eustachio, uniq_maggie
D:7:      layout_basic, mainiacjoe_overflow_six_doors_small,
          lemuel_temple_firewalk_b, dreamdust_princess_bridge,
          grunt_ministairs_8, grunt_decor_fettered, uniq_crazy_yiuf_cottage
D:8:      layout_basic, mainiacjoe_overflow_boulevard, uniq_maurice
D:9:      layout_rooms, minitemple, nicolae_transporter_intersection
D:10:     layout_loops_ring, fountainhead, uniq_sonja
D:11:     layout_basic, dpeg_oklobed_lair, erik_orc_2
D:12:     layout_loops_ring, mrwooster_statue_mirror, okawaru_altar_gauntlet_db,
          uniq_snorg, uniq_josephine
Orc:1:    layout_diamond_mine, elves_outpost_lemuel, uniq_harold

Skill      XL: |  1  2  3  4  5  6  7  8  9 10 11 |
---------------+----------------------------------+-----
Spellcasting   | 2 3 4 5 |  5.0
Ice Magic      | 4 5 6 7 8 9 10 11 | 11.0
Fighting       | 1 2 3 4 5 6 |  6.0
Summonings     | 2 4 5 |  5.7
Dodging        | 3 4 5 |  5.3
Armour         | 2 3 |  3.5
Stealth        | 2 3 4 5 |  5.0
Evocations     | 2 3 4 |  4.0
Polearms       | 1 2 3 |  3.0
Air Magic      | 3 4 |  4.6

Action                     |  1- 3 |  4- 6 |  7- 9 | 10-12 || total
---------------------------+-------+-------+-------+-------++-------
  Melee: Unarmed           |     1 |       |       |       ||     1
         Dagger            |    11 |     7 |   167 |       ||   185
         Spear             |       |    45 |   130 |       ||   175
         Punch             |       |       |     8 |     5 ||    13
         Trident           |       |       |    28 |   205 ||   233
         Quarterstaff      |       |       |     3 |       ||     3
   Cast: Freeze            |    48 |    10 |     1 |       ||    59
         Frozen Ramparts   |     1 |     9 |    45 |    36 ||    91
         Ozocubu's Armour  |       |       |    16 |    24 ||    40
         Summon Ice Beast  |       |       |     5 |     5 ||    10
         Freezing Cloud    |       |       |       |     2 ||     2
    Use: Scroll            |       |     1 |     6 |     5 ||    12
   Stab: Sleeping          |     3 |     4 |    10 |     1 ||    18
         Distracted        |       |       |     1 |     1 ||     2
 Armour: Robe              |     5 |       |       |       ||     5
         Leather armour    |     5 |    14 |    83 |     7 ||   109
         Steam dragon scal |       |       |       |    53 ||    53
         Troll leather arm |       |       |       |     5 ||     5
  Dodge: Dodged            |    22 |    22 |   165 |   102 ||   311

Table legend: (Time is in decaauts)
 A = Elapsed time spent in this place.
 B = Non-inter-level travel time spent in this place.
 C = Inter-level travel time spent in this place.
 D = Time resting spent in this place.
 E = Time spent auto-exploring this place.
 F = Levels seen in this place.
 G = Mean time per level.
                   A        B        C        D        E       F      G
               +--------+--------+--------+--------+--------+-----+--------+
         Total |  13396 |  12716 |    680 |   1195 |   9022 |  14 |  956.9 |
       Dungeon |  12727 |  12047 |    680 |    876 |   8932 |  12 | 1060.6 |
  Orcish Mines |     97 |     97 |      0 |      0 |     70 |   1 |   97.0 |
       Ossuary |    571 |    571 |      0 |    319 |     20 |   1 |  571.0 |
               +--------+--------+--------+--------+--------+-----+--------+

Top non-repeatable levels by time:
    D:11: 1811 daAuts
     D:8: 1703 daAuts
     D:7: 1653 daAuts
     D:6: 1202 daAuts
     D:1: 1134 daAuts
     D:5: 1043 daAuts
    D:10: 1041 daAuts
     D:9: 868 daAuts
     D:4: 679 daAuts
     D:3: 666 daAuts
 Ossuary: 571 daAuts
     D:2: 562 daAuts
    D:12: 362 daAuts
   Orc:1: 97 daAuts
